 Dungeon Crawl Stone Soup version 0.29.1-1-gd02db6906a (webtiles) character file.

Game seed: 3302917527772306275

123 RogueRain17 the Conjurer (level 4, -1/30 HPs)
             Began as a Demonspawn Conjurer on Sept 24, 2022.
             Killed from afar by Natasha (8 damage)
             ... with a puff of flame
             ... on level 3 of the Dungeon.
             The game lasted 00:08:57 (2894 turns).

RogueRain17 the Conjurer (Demonspawn Conjurer)      Turns: 2894, Time: 00:08:57

Health: -1/30      AC: 12    Str:  7    XL:     4   Next: 79%
Magic:  7/7        EV: 12    Int: 21    God:
Gold:   165        SH:  0    Dex: 12    Spells: 4/7 levels left

rFire   . . .      SeeInvis +   h - +0 mace
rCold   . . .      Faith    .   (no shield)
rNeg    . . .      Spirit   .   a - +0 robe
rPois   .          Reflect  .   e - +1 hat
rElec   .          Harm     .   (no cloak)
rCorr   .          Rampage  .   g - +0 pair of gloves
Will    .....                   f - +1 pair of boots
Stlth   ++........              (no amulet)
HPRegen 0.10/turn               k - ring of see invisible
MPRegen 0.20/turn               (no ring)

@: sanguine armoured, slowed, very slow
A: magic regeneration, sanguine armour 1
a: no special abilities


You were on level 3 of the Dungeon.
You visited 1 branch of the dungeon, and saw 4 of its levels.

You collected 165 gold pieces.

Inventory:

Hand Weapons
 h - a +0 mace (weapon)
Armour
 a - a +0 robe (worn)
 e - a +1 hat (worn)
 f - a +1 pair of boots (worn)
 g - a +0 pair of gloves (worn)
Jewellery
 k - a ring of see invisible (left hand)
Scrolls
 b - 2 scrolls of magic mapping {unknown}
 c - a scroll of enchant armour {unknown}
 i - a scroll of summoning {unknown}
 j - a scroll of amnesia
 n - a scroll of silence {unknown}
Potions
 d - a potion of invisibility {unknown}
 l - 2 potions of ambrosia {unknown}
 m - 2 potions of haste {unknown}
 o - a potion of magic


   Skills:
 - Level 1.7 Dodging
 - Level 1.7 Stealth
 - Level 2.0 Spellcasting
 + Level 6.2 Conjurations


You had 4 spell levels left.
You knew the following spells:

 Your Spells              Type           Power      Damage    Failure   Level
a - Magic Dart            Conj           100%       1d8       1%          1
b - Searing Ray           Conj           56%        2d6       1%          2

Your spell library contained the following spells:

 Spells                   Type           Power      Damage    Failure   Level
 Dazzling Flash           Conj/Hex       30%        N/A       12%         3
 Fulminant Prism          Conj/Hex       7%         3d7       38%         4
 Iskenderun's Mystic Bla  Conj/Tloc      15%        2d5       38%         4
 Alistair's Intoxication  Tmut/Pois      1%         N/A       99%         5
 Borgnjor's Vile Clutch   Necr/Erth      1%         N/A       99%         5
 Eringya's Noxious Bog    Tmut/Pois      1%         N/A       100%        6


Dungeon Overview and Level Annotations

Branches:
Dungeon (4/15)
 Temple: D:4-7

Altars:
Wu Jian

Annotations:
D:3 Natasha, Robin
D:4 exclusion: 2 lemures, Pikel


Innate Abilities, Weirdness & Mutations

You regenerate magic rapidly.
When seriously injured, your blood forms armour. (AC +6)


Message History

The hobgoblin attacks as you move away! The hobgoblin completely misses you.
The goblin attacks as you move away! The goblin barely misses you.
The endoplasm hits you but does no damage.
The hobgoblin attacks as you move away!
The hobgoblin hits you but does no damage.
The endoplasm attacks as you move away! The endoplasm closely misses you.
The goblin hits you with a +0 dagger. The hobgoblin attacks as you move away!
The hobgoblin hits you. Robin throws the goblin at you!
The goblin shouts!
The goblin no longer looks unusually strong.
The hobgoblin no longer looks unusually strong.
The goblin no longer looks unusually strong.
Natasha hisses angrily.
Natasha casts a spell.
Natasha zaps a wand.
The puff of flame hits you but does no damage.
The goblin attacks as you move away! The goblin hits you but does no damage.
Natasha mumbles some strange words.
Natasha glows brightly for a moment.
Natasha zaps a wand.
The puff of flame hits you but does no damage.
The goblin attacks as you move away! The goblin misses you.
The goblin attacks as you move away! The goblin hits you with a +0 club.
A gnoll comes into view. It is wielding a +0 spear.
Robin roars a battlecry!
The goblins go into a battle-frenzy!
The goblin attacks as you move away! The goblin closely misses you.
Natasha zaps a wand.
The puff of flame misses you.
A gnoll comes into view. It is wielding a +0 flail.
The goblin attacks as you move away! The goblin hits you but does no damage.
Natasha casts a spell at you.
You feel yourself slow down. The goblin attacks as you move away!
The goblin closely misses you. The goblin misses you.
Natasha attacks as you move away! Natasha claws you!
* * * LOW HITPOINT WARNING * * *
Natasha extends her claws.
Natasha zaps a wand.
The puff of flame hits you!
You die...

#...## ## .... #...g.
.....# #.#### #.#..# ##.#
#....### ##..# ##g.....#
###...# #.g
....#####.....# .####..
#......##.....#
.......##@..####......#
#..).......#......#
.##..##gh...........####
.......g..##.#..........
....#####J.###.#.####.##..
.........g.g§.##......##..
.#g.#####...g.'....#..##..
#.....##..........
#............##...


You could see Natasha, a gnoll, an endoplasm, 2 hobgoblins and a goblin
(strong).

Vanquished Creatures
  2 adders (D:2)
  A gnoll (D:3)
  2 worms (D:2)
  A dart slug (D:2)
  An orc (D:3)
  8 ball pythons
  10 endoplasms
  A giant cockroach (D:1)
  12 goblins
  12 hobgoblins
  4 jackals (D:2)
  3 quokkas
  3 bats (D:1)
  7 frilled lizards
  3 kobolds
  11 rats
81 creatures vanquished.

Notes
Turn   | Place    | Note
-------+----------+-------------------------------------------
     0 | D:1      | RogueRain17 the Demonspawn Conjurer began the quest for the
                  | Orb.
     0 | D:1      | Reached XP level 1. HP: 13/13 MP: 3/3
   163 | D:1      | You fall into a shaft and drop 1 floor!
   260 | D:1      | Gained mutation: You regenerate magic rapidly. [demonic
                  | ancestry]
   260 | D:1      | Reached XP level 2. HP: 19/19 MP: 0/5
   544 | D:1      | Reached skill level 5 in Conjurations
   640 | D:1      | Reached XP level 3. HP: 24/24 MP: 4/6
  1697 | D:2      | Gained mutation: When seriously injured, your blood forms
                  | armour. (AC +6) [demonic ancestry]
  1697 | D:2      | Reached XP level 4. HP: 15/30 MP: 0/7
  2186 | D:2      | Learned a level 2 spell: Searing Ray
  2233 | D:3      | Noticed Natasha
  2342 | D:3      | Reached skill level 6 in Conjurations
  2383 | D:3      | Found an ornate altar of the Wu Jian Council.
  2486 | D:3      | Noticed Robin
  2791 | D:4      | Noticed Pikel
  2791 | D:4      | Noticed a lemure
  2791 | D:4      | Noticed a lemure
  2822 | D:4      | Noticed a lemure
  2894 | D:3      | Killed from afar by Natasha

Illustrated notes

Levels and vault maps discovered:
D:1:      dpeg_arrival_tiny_g, layout_basic
D:2:      minmay_diamond_boxcup, layout_basic, minmay_rat_gold_closets
D:3:      layout_basic, mainiacjoe_overflow_six_doors_small,
          hellmonk_ecumenical_altar_inner_sanctum, uniq_natasha,
          uniq_crazy_yiuf_cottage, uniq_robin
D:4:      layout_basic, uniq_eustachio, uniq_pikel

Skill      XL: |  1  2  3  4 |
---------------+-------------+-----
Conjurations   | 5 6 |  6.2
Dodging        | |  1.7
Stealth        | |  1.7
Spellcasting   | |  2.0

Action                   |  1- 3 |  4- 6 || total
-------------------------+-------+-------++-------
Melee: Unarmed           |    12 |       ||    12
       Mace              |       |     2 ||     2
 Cast: Magic Dart        |   111 |    58 ||   169
  Use: Scroll            |     4 |       ||     4
       Potion            |     1 |       ||     1
Armor: Robe              |     8 |    31 ||    39
Dodge: Dodged            |    14 |    41 ||    55
